 Dungeon Crawl Stone Soup version 0.21.1-1-g345015f (webtiles) character file.

20980 sking99 the Severer (level 12, -3/106 HPs)
             Began as a Hill Orc Monk on June 13, 2018.
             Was a High Priest of Beogh.
             Slain by Aizul (6 damage)
             ... on level 1 of the Snake Pit on June 14, 2018.
             The game lasted 01:15:41 (13218 turns).

sking99 the Severer (Hill Orc Monk)                Turns: 13218, Time: 01:15:41

Health: -3/106     AC: 24    Str: 16    XL:     12   Next: 85%
Magic:  26/26      EV:  4    Int: 10    God:    Beogh [*****.]
Gold:   562        SH:  6    Dex: 20    Spells: 11/11 levels left

rFire    . . .     SeeInvis .   J - +9 war axe "Guudirucw" {chop, +Inv rN+ MP+9 Str-3}
rCold    + . .     Gourm    .   g - +0 buckler
rNeg     + + .     Faith    .   a - +3 plate armour {rC+}
rPois    .         Spirit   .   j - +0 helmet
rElec    .         Reflect  .   (no cloak)
rCorr    .         Harm     .   H - +1 pair of gloves
MR       +....     NoTele   +   M - +0 pair of boots
Stlth    ..........             Q - amulet of rage
HPRegen  0.27/turn              A - ring of the Last Lies {-Tele rN+ MR+ Dex+7 Stlth-}
MPRegen  0.20/turn              B - +4 ring of slaying

@: berserk cooldown, slowed, constricted, very slow
A: walk on water
a: Smiting, Recall Orcish Followers, Give Item to Named Follower, Renounce
Religion, Evoke Berserk Rage, Evoke Invisibility


You were on level 1 of the Snake Pit.
You worshipped Beogh.
Beogh was extremely pleased with you.
You were hungry.

You visited 4 branches of the dungeon, and saw 15 of its levels.
You also visited: Labyrinth.

You collected 742 gold pieces.
You spent 180 gold pieces at shops.

Inventory:

Hand Weapons
 i - a +0 halberd
 n - a +0 trident
 o - a +2 flail of venom
 p - a +0 morningstar
 v - a +2 war axe of electrocution
 w - a +1 scimitar of flaming
 x - a +0 scythe
 J - the +9 war axe "Guudirucw" (weapon) {chop, +Inv rN+ MP+9 Str-3}
   (You found it on level 1 of the Lair of Beasts)

   It inflicts extra damage upon your enemies.
   It affects your strength (-3).
   It protects you from negative energy.
   It affects your magic capacity (+9).
   It lets you turn invisible.
Armour
 a - a +3 plate armour of cold resistance (worn)
 g - a +0 buckler (worn)
 j - a +0 helmet (worn)
 H - a +1 pair of gloves (worn)
 K - a +0 plate armour
 M - a +0 pair of boots (worn)
Jewellery
 A - the ring of the Last Lies (left hand) {-Tele rN+ MR+ Dex+7 Stlth-}
   (You took it off an orc on level 5 of the Dungeon)

   [ring of loudness]

   It affects your dexterity (+7).
   It protects you from negative energy.
   It affects your resistance to hostile enchantments.
   It prevents most forms of teleportation.
   It makes you less stealthy.
 B - a +4 ring of slaying (right hand)
 Q - an amulet of rage (around neck)
Wands
 k - a wand of enslavement (10)
 m - a wand of disintegration (12)
 F - a wand of random effects (34)
 L - a wand of clouds (4)
 R - a wand of flame (33)
 S - a wand of iceblast (18)
 W - a wand of scattershot (5)
 Y - a wand of polymorph (16)
Scrolls
 b - a scroll of blinking {unknown}
 f - 6 scrolls of remove curse
 q - 5 scrolls of fear
 z - a scroll of fog
 C - a scroll of noise {unknown}
 D - 10 scrolls of identify
 E - 6 scrolls of teleportation {unknown}
 I - 2 scrolls of magic mapping
 O - a scroll of vulnerability {unknown}
 P - 2 scrolls of enchant armour
 U - a scroll of torment {unknown}
 Z - a scroll of immolation {unknown}
Potions
 d - a potion of flight
 e - a potion of resistance {unknown}
 h - a potion of degeneration
 l - 2 potions of curing
 r - 4 potions of magic
 s - a potion of agility
 t - a potion of haste
 u - 5 potions of heal wounds
 G - 2 potions of brilliance
 V - a potion of berserk rage
 X - a potion of lignification {unknown}
Comestibles
 c - 14 rations


   Skills:
 + Level 9.9 Fighting
 + Level 15.9(16.2) Axes
 * Level 5.0(10.3) Maces & Flails
 + Level 12.0 Armour
 - Level 2.4 Dodging
 - Level 1.5 Stealth
 - Level 4.2 Shields
 * Level 7.1 Invocations
 * Level 5.5 Evocations


You had 11 spell levels left.
You didn't know any spells.

Dungeon Overview and Level Annotations

Branches:
Dungeon (11/15)            Temple (1/1) D:6            Lair (2/6) D:9
  Snake (1/4) Lair:2          Orc (0/2) D:9
  Swamp: Lair:2-4    Shoals: Lair:2-4

Altars:
Ashenzari
Cheibriados
Dithmenos
Elyvilon
Fedhas
Gozag
Hepliaklqana
Kikubaaqudgha
Makhleb
Nemelex Xobeh
Okawaru
Qazlal
Ru
Sif Muna
Trog
Uskayaw
Vehumet
Wu Jian
Xom
Yredelemnul
Zin
The Shining One

Shops:
D:5 [((=   D:11 !*

Annotations:
D:3 1 runed door
Lair:1 Nergalle
Snake:1 Aizul


Message History

Evoke which item? (* to show all) (? for menu, Esc to quit)
Aiming: Disintegrate
Press: ? - help, Shift-Dir - straight line, f - guardian serpent
Aim: a guardian serpent (almost dead, chance to defeat MR: 53%)
Okay, then.
Evoke which item? (* to show all) (? for menu, Esc to quit)
Aiming: Scattershot
Press: ? - help, Shift-Dir - straight line, f - Aizul
Aim: Aizul The burst of metal fragments hits Aizul. x3
Aizul is lightly wounded.
Your orc warrior no longer looks unusually strong.
The guardian serpent coils itself and waves its upper body at you.
You resist with almost no effort. Aizul hits you!
* * * LOW HITPOINT WARNING * * *
Bogfrid hits the guardian serpent but does no damage.
You block the naga's attack. The naga constricts you.
Your orc hits the naga warrior with a mace.
The guardian serpent hits Bogfrid.
Aizul hits you.
You die...

#... #... .
##... ...
..#.... ..#
..S....# ..#
.....# ..#
.N.##.# #.#S# .
##NS@#. ####.
#ooo#N.#
...#..###?oo#o##
.........))o#.#
#...##...(##)#
###.#......().#
...........(?.#
.........(((..#.
...............#


You could see Aizul, a naga warrior, a guardian serpent, a black mamba
(wandering), 2 nagas, 2 friendly orc knights, the friendly Rocco the orc knight,
2 friendly orc warriors, the friendly Bogfrid the orc priest and a friendly orc.

Vanquished Creatures
  A minotaur (Lab)
  Erica (D:11)
  6 two-headed ogres
  A naga sharpshooter (Snake:1)
  The ghost of kae the Insei, a novice DsTm of Wu Jian (D:7)
  An ugly thing (D:11)
  3 elephants (Lair:2)
  A black mamba (Lair:1)
  A gargoyle (Lab)
  A komodo dragon (D:10)
  A spiny frog (Lair:2)
  A rime drake (Lair:2)
  2 trolls
  The ghost of kae the Insei, an amateur DsTm of Makhleb (D:4)
  A merfolk (D:10)
  A hippogriff (D:10)
  Sigmund (D:3)
  7 yaks
  A wyvern (Lair:2)
  2 wraiths
  2 hungry ghosts
  Edmund (D:4)
  2 nagas
  Duvessa (D:6)
  A porcupine (Lair:2)
  6 orc warriors
  2 ice beasts (D:8)
  3 phantoms
  2 necrophages
  A sky beast (D:7)
  4 ogres
  The ghost of EggBaby the Insei, an amateur GnTm (D:3)
  3 centaurs
  A big kobold (D:9)
  5 bullfrogs
  Dowan (D:6)
  3 scorpions
  4 crimson imps
  A centaur zombie (D:9)
  2 quasits
  2 centaur skeletons
  5 hounds (D:9)
  A jelly (D:9)
  3 orc priests
  10 orc wizards
  2 bullfrog skeletons
  Jessica (D:3)
  3 iguanas
  5 worker ants
  A hound zombie (D:7)
  A worker ant zombie (D:7)
  7 gnolls
  13 adders
  2 shadow imps
  2 oozes (D:1)
  An adder zombie (D:8)
  2 adder skeletons
  4 worms
  4 dart slugs
  3 leopard geckos
  37 orcs
  4 giant cockroaches
  8 goblins
  5 hobgoblins
  16 jackals
  3 quokkas
  2 ball pythons
  11 bats
  4 frilled lizards
  15 kobolds
  A quokka skeleton (D:7)
  7 rats
266 creatures vanquished.

Vanquished Creatures (collateral kills)
  A hydra (Lair:2)
  A two-headed ogre (D:8)
  A naga sharpshooter (Snake:1)
  Nergalle (Lair:1)
  3 elephants (Lair:2)
  2 gargoyles (D:11)
  4 spiny frogs
  A rime drake (Lair:1)
  A wyvern (D:11)
  6 yaks (Lair:1)
  A steam dragon (D:9)
  A naga (Snake:1)
  A water moccasin (Lair:1)
  A porcupine (Lair:2)
  An ice beast (D:11)
  A black bear (D:11)
  A phantom (D:11)
  2 bullfrogs
  A scorpion (D:9)
  2 electric eels (D:9)
  A crimson imp (D:9)
  2 hounds (D:9)
  A jelly (D:11)
  3 orc priests
  An orc wizard (D:9)
  An iguana (D:8)
  A worker ant (D:11)
  8 orcs
  2 fungi (Lair:2)
  3 plants
56 creatures vanquished.

Vanquished Creatures (others)
  An orc warrior (Lair:1)
  4 orc priests
  5 orc wizards
  19 orcs
  A fungus (Lair:1)
30 creatures vanquished.

Grand Total: 352 creatures vanquished

Notes
Turn   | Place    | Note
-------+----------+-------------------------------------------
     0 | D:1      | sking99 the Hill Orc Monk began the quest for the Orb.
     0 | D:1      | Reached XP level 1. HP: 19/19 MP: 1/1
    90 | D:1      | Reached XP level 2. HP: 25/27 MP: 2/2
   232 | D:1      | Reached skill level 1 in Armour
   387 | D:1      | Reached XP level 3. HP: 28/33 MP: 3/3
   867 | D:2      | Reached skill level 5 in Axes
  1291 | D:2      | Reached XP level 4. HP: 28/40 MP: 4/4
  1804 | D:2      | Reached skill level 1 in Shields
  2021 | D:2      | Reached XP level 5. HP: 11/46 MP: 5/5
  2265 | D:2      | Reached skill level 6 in Axes
  2909 | D:3      | Noticed EggBaby's ghost (amateur GnTm)
  2945 | D:3      | Killed EggBaby's ghost
  2945 | D:3      | Reached XP level 6. HP: 33/53 MP: 6/6
  3377 | D:3      | Reached skill level 7 in Axes
  3548 | D:3      | Found a runed door.
  3677 | D:3      | Noticed Jessica
  3689 | D:3      | Killed Jessica
  3779 | D:3      | Noticed Sigmund
  3972 | D:4      | Noticed kae's ghost (amateur DsTm)
  4011 | D:4      | Killed kae's ghost
  4011 | D:4      | Reached skill level 8 in Axes
  4011 | D:4      | Reached XP level 7. HP: 21/60 MP: 7/7
  4502 | D:4      | Noticed Edmund
  4505 | D:4      | Killed Edmund
  4942 | D:3      | Killed Sigmund
  4942 | D:3      | Reached skill level 5 in Armour
  4942 | D:3      | Reached XP level 8. HP: 67/67 MP: 8/8
  4968 | D:5      | Entered Level 5 of the Dungeon
  4968 | D:5      | Found Raurr's Antique Weapon Boutique.
  4976 | D:5      | Found Daejysatz's Jewellery Boutique.
  5129 | D:5      | Reached skill level 9 in Axes
  5132 | D:5      | Got a glittering platinum ring
  5291 | D:5      | Reached skill level 5 in Fighting
  5312 | D:5      | Found Cehasch's Antique Weapon Emporium.
  5465 | D:5      | Found Qinoskov's Armour Boutique.
  5480 | D:5      | Identified the ring of the Last Lies {-Tele rN+ MR+ Dex+7 Stlth-} (You took it off an orc on level 5 of the Dungeon)
  5869 | D:6      | Noticed Duvessa
  5869 | D:6      | Noticed Dowan
  5884 | D:6      | Killed Duvessa
  5884 | D:6      | Reached skill level 10 in Axes
  5894 | D:6      | Killed Dowan
  6148 | D:6      | Found a staircase to the Ecumenical Temple.
  6305 | Temple   | Entered the Ecumenical Temple
  6502 | D:7      | Found a shimmering altar of Xom.
  6508 | D:7      | Found a shimmering altar of Xom.
  6508 | D:7      | Found a shimmering altar of Xom.
  6513 | D:7      | Found a shimmering altar of Xom.
  6515 | D:7      | Found a shimmering altar of Xom.
  6515 | D:7      | Found a shimmering altar of Xom.
  6517 | D:7      | Noticed kae's ghost (novice DsTm)
  6517 | D:7      | Found a shimmering altar of Xom.
  6526 | D:7      | Killed kae's ghost
  6526 | D:7      | Reached skill level 11 in Axes
  6526 | D:7      | Reached XP level 9. HP: 61/74 MP: 9/9
  6639 | D:7      | Became a worshipper of Beogh the Brigand
  6639 | D:7      | Reached * piety under Beogh
  6639 | D:7      | Reached ** piety under Beogh
  6714 | D:7      | Reached skill level 12 in Axes
  7313 | D:8      | Reached skill level 13 in Axes
  7313 | D:8      | Reached XP level 10. HP: 83/83 MP: 10/10
  7564 | D:8      | Found a blossoming altar of Fedhas.
  7570 | D:8      | Found a sparkling altar of Nemelex Xobeh.
  7570 | D:8      | Found a hazy altar of Hepliaklqana.
  7571 | D:8      | Found a deep blue altar of Sif Muna.
  7572 | D:8      | Found a bloodstained altar of Trog.
  7575 | D:8      | Found an ancient bone altar of Kikubaaqudgha.
  7784 | D:8      | Reached *** piety under Beogh
  7885 | D:8      | Noticed a two-headed ogre
  7893 | D:8      | Killed a two-headed ogre
  8177 | D:8      | Noticed a two-headed ogre
  8179 | D:8      | Noticed a two-headed ogre
  8185 | D:8      | Killed a two-headed ogre
  8185 | D:8      | Reached skill level 14 in Axes
  8191 | D:8      | Killed a two-headed ogre
  8460 | D:9      | Noticed a two-headed ogre
  8463 | D:9      | Killed a two-headed ogre
  8463 | D:9      | Reached skill level 1 in Invocations
  8483 | D:9      | Reached skill level 1 in Evocations
  8565 | D:9      | Reached XP level 11. HP: 85/92 MP: 12/12
  8656 | D:9      | Found a staircase to the Lair.
  8663 | D:9      | Reached skill level 15 in Axes
  8904 | D:9      | Found a staircase to the Orcish Mines.
  8913 | D:9      | Reached **** piety under Beogh
  8918 | D:9      | Reached skill level 10 in Armour
  9156 | D:10     | Entered Level 10 of the Dungeon
  9169 | D:10     | Noticed a two-headed ogre
  9179 | D:10     | Killed a two-headed ogre
  9346 | D:10     | Noticed a two-headed ogre
  9353 | D:10     | Killed a two-headed ogre
 10161 | D:11     | Reached skill level 1 in Maces & Flails
 10176 | D:11     | Reached ***** piety under Beogh
 10272 | D:11     | Found a labyrinth entrance.
 10276 | Lab      | Entered a labyrinth
 10868 | Lab      | Noticed a minotaur
 10875 | Lab      | Killed a minotaur
 10908 | Lab      | Found the +2 robe of Vines {NoPotionHeal Regen+7}
 10945 | D:11     | Noticed a red ugly thing
 10955 | D:11     | Killed a red ugly thing
 10955 | D:11     | Reached skill level 5 in Invocations
 10986 | D:11     | Found Bepo Hui's Distillery.
 10995 | D:11     | Bought a potion of haste for 180 gold pieces
 11013 | D:11     | Found Jiny's General Store.
 11017 | D:11     | Noticed a two-headed ogre
 11022 | D:11     | Killed a two-headed ogre
 11022 | D:11     | Gained Zartorak as an ally
 11102 | D:11     | Reached XP level 12. HP: 83/103 MP: 16/16
 11147 | D:11     | Noticed Erica
 11153 | D:11     | Killed Erica
 11635 | Lair:1   | Entered Level 1 of the Lair of Beasts
 11699 | Lair:1   | Noticed Nergalle
 11710 | Lair:1   | Your ally died
 12267 | Lair:1   | Got a crystal war axe
 12268 | Lair:1   | Identified the +9 war axe "Guudirucw" {chop, +Inv rN+ MP+9 Str-3} (You found it on level 1 of the Lair of Beasts)
 12527 | Lair:2   | Reached skill level 5 in Evocations
 12535 | Lair:2   | Gained Bogfrid as an ally
 12654 | Lair:2   | Noticed a six-headed hydra
 12661 | Lair:2   | Killed a five-headed hydra
 12827 | Lair:2   | Found a staircase to the Snake Pit.
 13190 | Snake:1  | Entered Level 1 of the Snake Pit
 13190 | Snake:1  | Noticed a naga sharpshooter
 13192 | Snake:1  | Noticed a naga sharpshooter
 13202 | Snake:1  | Your ally Zartorak died
 13205 | Snake:1  | Killed a naga sharpshooter
 13205 | Snake:1  | Gained Rocco as an ally
 13208 | Snake:1  | Killed a naga sharpshooter
 13210 | Snake:1  | Reached skill level 5 in Maces & Flails
 13215 | Snake:1  | Noticed Aizul
 13216 | Snake:1  | Noticed a naga warrior
 13216 | Snake:1  | HP: 5/106 [Aizul (15)]
 13218 | Snake:1  | Slain by Aizul

Skill      XL: |  1  2  3  4  5  6  7  8  9 10 11 12 |
---------------+-------------------------------------+-----
Armour         | 1 2 3 4 5 6 8 9 11 12 | 12.0
Axes           | 5 6 8 11 13 14 15 | 15.9
Fighting       | 4 5 6 7 8 9 |  9.9
Shields        | 1 2 3 4 |  4.2
Invocations    | 2 5 7 |  7.1
Evocations     | 1 4 5 |  5.5
Maces & Flails | 2 5 |  5.0
Dodging        | |  2.4
Stealth        | |  1.5

Action                   |  1- 3 |  4- 6 |  7- 9 | 10-12 || total
-------------------------+-------+-------+-------+-------++-------
Melee: Hand axe          |   128 |   353 |    17 |       ||   498
       War axe           |       |       |   201 |   293 ||   494
       Morningstar       |       |       |       |     4 ||     4
Invok: Convert to Beogh  |       |       |     1 |       ||     1
       Recall Orcish Fol |       |       |       |     8 ||     8
       Give Item to Name |       |       |       |     1 ||     1
 Abil: Evoke Berserk Rag |       |       |       |     2 ||     2
Evoke: Wand              |       |       |       |     1 ||     1
  Use: Scroll            |       |    12 |     3 |     4 ||    19
       Potion            |       |     4 |       |     2 ||     6
 Stab: Distracted        |       |       |       |     1 ||     1
  Eat: Ration            |     1 |     2 |     4 |     4 ||    11
       Chunk             |       |       |     2 |     4 ||     6
Armor: Ring mail         |    49 |    11 |       |       ||    60
       Robe              |    10 |       |       |       ||    10
       Chain mail        |       |   164 |    56 |       ||   220
       Plate armour      |       |       |    26 |   136 ||   162
Dodge: Dodged            |   109 |   103 |    50 |    72 ||   334
Block: Buckler           |     6 |    50 |    40 |    62 ||   158
